Unix NetHack Version 5.0.0-0 post-release - last build May 10 2026 23:12:36 (d1fa5d53e341ca933230fdaa984d921c805b60aa,branch:main).

Game began 2026-05-16 12:51:07, ended 2026-05-16 13:00:47.

GdeVolpiano, lawful male human Archeologist

                ---
              ---.--                  ----
     --#[   --.%..)|         ----     |..|-----  -------..-
     |..#-- |.%--..|         |..--    |..--.|^.---....%....
     |....--|.----.--        |...------...............---..    --. --.
     --...<.|.|  |...|       ----..--........---...B@-- |.--   |...|>.
    ---).|.)^.|  ---.--        --.......  ..-      ..|  |..------.....
  ---.*.---).)|    |..--       |......                  --...........
 --%..-- --.%.|    --...-      |...                      -------....
 |..^..--|)...|     ---..-     --..
 |*. ....|)----       --..|    --..
 |... .....|           --.|-----...
 --........---          |.||......
  |..........|          |.--.*...
  ---.--.....----       |.......
  -----|........- ----- |.....
  |..| |.........--...--|.....
  |..-----.............||..---
  --..................------
   |..--------.-----.--
   ---       ---   ---
GdeVolpiano the Field Worker  St:9 Dx:10 Co:13 In:18 Wi:17 Ch:10  Lawful
Dlvl:3  $:1258 HP:0(35) Pw:20(20) AC:4  Xp:5 T:1328  Hungry   Burdened

Latest messages:
 $ - 14 gold pieces (1258 in total).
 Your movements are slowed slightly because of your load.
 You can't go up here.
 Where do you want to travel to?
 (For instructions type a '?')
 You lash the gecko.
 You lash the gecko.
 The gecko bites!
 You kill the gecko!
 e - a +0 pick-axe (weapon in right hand).
 a - a +2 bullwhip (alternate weapon; not wielded).
 Where do you want to travel to?
 (For instructions type a '?')
 You climb up the stairs.
 Where do you want to travel to?
 (For instructions type a '?')
 You are beginning to feel hungry.
 What do you want to eat? [dijFH or ?*]
 Core dumped.
 Where do you want to travel to?
 (For instructions type a '?')
 You feel more confident in your weapon skills.
 (Tip: use the #enhance command to advance them.)
 You hit the giant bat!
 The giant bat bites!
 The giant bat bites!
 You hit the giant bat.
 You miss the giant bat.
 The giant bat bites!
 The giant bat just misses!
 You hit the giant bat.
 The giant bat bites!
 The giant bat just misses!
 You hit the giant bat.
 The giant bat bites!
 The giant bat bites!
 The giant bat bites!
 The giant bat bites!
 You are beginning to feel hungry.
 You kill the gnome!
 The giant bat bites!
 The giant bat bites!
 You kill the gnome!
 The giant bat bites!
 You hit the giant bat.
 The giant bat bites!
 The giant bat bites!
 You die...
 Do you want your possessions identified? [ynq] (y)
 Do you want to see your attributes? [ynq] (y)

Inventory:
 Coins    ('$')
  $ - 1258 gold pieces
 Amulets  ('"')
  L - an uncursed amulet of strangulation
 Weapons  (')')
  a - a +2 bullwhip (alternate weapon; not wielded)
 Armor    ('[')
  c - an uncursed +0 fedora (being worn)
  K - an uncursed +0 pair of iron shoes (being worn)
  J - an uncursed +0 shield of shock resistance (being worn)
  t - an uncursed +0 robe (being worn)
  b - an uncursed +0 leather jacket (being worn)
 Comestibles  ('%')
  F - an uncursed fig
  d - 4 uncursed food rations
  j - 3 uncursed lembas wafers
  i - 2 cursed tripe rations
 Scrolls  ('?')
  B - a cursed scroll of amnesia
  s - an uncursed scroll of enchant weapon
  n - an uncursed scroll of punishment
  v - a cursed scroll of teleportation
 Potions  ('!')
  m - a blessed potion of gain energy
  k - an uncursed potion of restore ability
  l - a cursed potion of speed
 Rings    ('=')
  p - an uncursed ring of regeneration (on right hand)
  z - an uncursed ring of regeneration
 Tools    ('(')
  h - an empty uncursed sack
  w - an uncursed magic whistle
  e - a +0 pick-axe (weapon in right hand)
  f - a tinning kit (0:76)
 Gems/Stones  ('*')
  G - an uncursed jacinth stone
  r - an uncursed jasper stone
  E - an uncursed jet stone
  A - an uncursed turquoise stone
  g - an uncursed touchstone

GdeVolpiano the Archeologist's attributes:

Background:
 You were a Field Worker, a level 5 male human Archeologist.
 You were lawful, nominally on a mission for Quetzalcoatl
 who was opposed by Camaxtli (neutral) and Huhetotl (chaotic).
 You were right-handed.
 You were in the Gnomish Mines, on level 3.
 You entered the dungeon 1328 turns ago.
 There was a new moon in effect when your adventure ended.
 You had 230 experience points, 90 more were needed to attain level 6.

Basics:
 You had 0 out of 35 hit points.
 You had all 20 energy points (spell power).
 Your armor class was 4.
 Your wallet contained 1258 zorkmids.
 Autopickup was on for '$?!/="+' plus thrown, with exceptions.

Final Characteristics:
 Your strength was 9 (limit:18/100).
 Your dexterity was 10 (limit:18).
 Your constitution was 13 (limit:18).
 Your intelligence was 18 (limit:18).
 Your wisdom was 17 (limit:18).
 Your charisma was 10 (limit:18).

Final Status:
 You were hungry.
 You were burdened; movement was slightly slowed.
 You were wielding a pick-axe.
 You had basic skill with pick-axe and could have enhanced that.

Final Attributes:
 You had sinned.
 You were shock resistant.
 Your items were protected from electric shocks.
 You had automatic searching.
 You were stealthy.
 You regenerated.
 You were guarded.
 You were lucky.
 You are dead.

Miscellaneous:
 You didn't encounter any bones levels.
 Total elapsed playing time was 9 minutes and 38 seconds.

Major events:
 Turn
    1: GdeVolpiano the lawful male human Archeologist entered the dungeon
  664: entered the Gnomish Mines
  792: attained the rank of Field Worker (level 3)
 1328: killed by a giant bat

You didn't know any spells.

Skills:
 Fighting Skills
   bare handed combat [Unskilled]
   two weapon combat  [Unskilled]
   riding             [Unskilled]
 Weapon Skills
   dagger             [Unskilled]
   knife              [Unskilled]
   pick-axe           [Basic]
   short sword        [Unskilled]
   saber              [Unskilled]
   club               [Unskilled]
   quarterstaff       [Unskilled]
   sling              [Unskilled]
   dart               [Unskilled]
   boomerang          [Unskilled]
   whip               [Basic]
   unicorn horn       [Unskilled]
 Spellcasting Skills
   attack spells      [Unskilled]
   healing spells     [Unskilled]
   divination spells  [Unskilled]
   matter spells      [Unskilled]

Voluntary challenges:
 Character rerolling was not enabled.
 You were an atheist.
 You never genocided any monsters.
 You never polymorphed an object.
 You never changed form.
 You used no wishes.
Achievements:
 You entered the Gnomish Mines.
 You attained the rank of Field Worker.

 The Dungeons of Doom: levels 1 to 2
    Level 1:
       A fountain.
    Level 2:
       A fountain, a grave.
       Stairs down to The Gnomish Mines.
 The Gnomish Mines: levels 3 to 4
    Level 3: <- You were here.
       Final resting place for
          you, killed by a giant bat.
    Level 4:


Vanquished creatures:
  2 gnome leaders
  a little dog
  4 dwarves
 an iguana
 20 gnomes
  5 garter snakes
  a gnome zombie
  a gecko
  2 jackals
  a fox
  a goblin
  4 lichens
  a kobold zombie
  3 newts
47 creatures vanquished.

No species were genocided or became extinct.

Game over:
                       ----------
                      /          \
                     /    REST    \
                    /      IN      \
                   /     PEACE      \
                  /                  \
                  |   GdeVolpiano    |
                  |     1258 Au      |
                  |   killed by a    |
                  |    giant bat     |
                  |                  |
                  |                  |
                  |       2026       |
                 *|     *  *  *      | *
        _________)/\\_//(\/(/\)/\//\/|_)_______

Goodbye GdeVolpiano the Archeologist...

You died in The Gnomish Mines on dungeon level 3 with 2203 points,
and 1258 pieces of gold, after 1328 moves.
You were level 5 with a maximum of 35 hit points when you died.

